 Dungeon Crawl Stone Soup version 0.23-a0-4-g8f018a2 (webtiles) character file.

458564 Gorglomux the Slayer (level 24, -18/181 HPs)
             Began as a Gargoyle Fighter on July 31, 2018.
             Was the Champion of the Shining One.
             Killed from afar by Boris (44 damage)
             ... with an iron shot
             ... on level 2 of the Tomb of the Ancients.
             The game lasted 00:52:43 (41385 turns).

Gorglomux the Slayer (Gargoyle Fighter)            Turns: 41385, Time: 00:52:44

Health: -18/181    AC: 51    Str: 27    XL:     24   Next: 11%
Magic:  28/44      EV: 12    Int: 15    God:    the Shining One [******]
Gold:   2699       SH: 23    Dex:  6    Spells: 23/23 levels left

rFire    . . .     SeeInvis .   l - +9 broad axe (holy)
rCold    + . .     Gourm    .   b - +0 large shield of the Arcane {MR+ MP+9} (curse)
rNeg     + + +     Faith    .   a - +4 plate armour {MR+}
rPois    ∞         Spirit   .   H - +1 helmet of Deunnefu {rPois Dex-5 Slay+4}
rElec    +         Reflect  .   c - scarf {rC+ rF+}
rCorr    .         Harm     .   o - +1 pair of gloves
MR       ++++.                  h - +2 pair of boots {run} {god gift}
Stlth    ..........             C - amulet of Vitality {Regen+ HP+15}
HPRegen  0.80/turn              y - +3 ring of slaying
MPRegen  0.29/turn              G - ring "Ikhlierua" {+Fly rPois rF- MR+ EV+5 Int+3}

@: flying, slowed, glowing, very slow
A: big wings, negative energy resistance 1, electricity resistance, unbreathing,
petrification resistance, rot immunity, AC +18
}: 3/15 runes: decaying, silver, gossamer
a: Stop Flying, Divine Shield, Cleansing Flame, Summon Divine Warrior, Renounce
Religion


You were on level 2 of the Tomb of the Ancients.
You worshipped the Shining One.
The Shining One was exalted by your worship.
You were not hungry.

You visited 9 branches of the dungeon, and saw 42 of its levels.
You visited 1 bazaar.
You also visited: Ice Cave and Wizlab.

You collected 5365 gold pieces.
You spent 2666 gold pieces at shops.

Inventory:

Hand Weapons
 l - a +9 broad axe of holy wrath (weapon)
Missiles
 Z - 3 throwing nets (quivered)
Armour
 a - a +4 plate armour of magic resistance (worn)
 b - the cursed +0 large shield of the Arcane (worn) {MR+ MP+9}
   (You took it off an orc warlord on level 2 of the Orcish Mines)

   It affects your resistance to hostile enchantments.
   It affects your magic capacity (+9).
   It has a curse placed upon it.
 c - a scarf of resistance (worn)
 h - a +2 pair of boots of running (worn) {god gift}
 o - a +1 pair of gloves (worn)
 H - the +1 helmet of Deunnefu (worn) {rPois Dex-5 Slay+4}
   (You found it on level 5 of the Vaults)

   It affects your dexterity (-5).
   It affects your accuracy and damage with ranged weapons and melee attacks
   (+4).
   It protects you from poison.
Jewellery
 s - an uncursed ring of see invisible
 u - the ring "Loajivof" {rC+ Str+2}
   (You found it in a wizard's laboratory)

   [ring of protection from cold]

   It affects your strength (+2).
   It protects you from cold.
 y - a +3 ring of slaying (left hand)
 C - the amulet of Vitality (around neck) {Regen+ HP+15}
   (You took it off a yaktaur on level 3 of the Vaults)

   [amulet of regeneration]

   It affects your health (+15).
   It increases your rate of regeneration.
 G - the ring "Ikhlierua" (right hand) {+Fly rPois rF- MR+ EV+5 Int+3}
   (You found it on level 15 of the Dungeon)

   [ring of evasion]

   It affects your evasion (+5).
   It affects your intelligence (+3).
   It makes you vulnerable to fire.
   It protects you from poison.
   It affects your resistance to hostile enchantments.
   It lets you fly.
 J - an uncursed ring of protection from cold {unknown}
Wands
 A - a wand of acid (12)
 D - a wand of digging (42)
 E - a wand of enslavement (55)
 I - a wand of iceblast (40)
 O - a wand of clouds (8)
 P - a wand of paralysis (60)
 S - a wand of scattershot (13)
Scrolls
 d - 2 scrolls of holy word
 e - 5 scrolls of amnesia
 k - 4 scrolls of noise
 m - a scroll of enchant armour
 p - 5 scrolls of immolation
 r - a scroll of enchant weapon
 z - 11 scrolls of remove curse
 B - 2 scrolls of blinking
 F - 11 scrolls of summoning
 M - 4 scrolls of magic mapping
 R - 10 scrolls of identify
 T - 6 scrolls of teleportation
 X - 2 scrolls of silence
 Y - 5 scrolls of fog
Potions
 g - 3 potions of cancellation
 i - 12 potions of lignification
 n - 6 potions of ambrosia
 q - 7 potions of magic
 t - 18 potions of mutation {!q}
 v - 5 potions of flight
 w - 7 potions of agility
 x - 4 potions of might
 K - 3 potions of resistance
 L - 2 potions of invisibility
 N - 9 potions of haste
 Q - 18 potions of curing
 V - 7 potions of heal wounds
Miscellaneous
 U - a box of beasts
 W - 2 sacks of spiders
Comestibles
 f - 59 rations


   Skills:
 + Level 21.2 Fighting
 - Level 18.0 Axes
 + Level 21.1 Armour
 + Level 19.4 Shields
 + Level 16.6 Invocations


You had 23 spell levels left.
You didn't know any spells.
Your spell library contained the following spells:

 Spells                   Type           Power        Failure   Level  Hunger
 Cause Fear               Hex            #.........   100%        4    #####..
 Magic Dart               Conj           #...         94%         1    ##.....
 Fireball                 Conj/Fire      #.........   100%        5    ######.
 Apportation              Tloc           #.....       94%         1    ##.....
 Conjure Flame            Conj/Fire      #.......     100%        3    ####...
 Bolt of Fire             Conj/Fire      #.........   100%        6    #######
 Slow                     Hex            #.......     98%         2    ###....
 Confuse                  Hex            #.......     100%        3    ####...
 Throw Flame              Conj/Fire      #.....       98%         2    ###....
 Freezing Cloud           Conj/Ice/Air   #.........   100%        6    #######
 Mephitic Cloud           Conj/Pois/Air  #.......     100%        3    ####...
 Ring of Flames           Chrm/Fire      #.........   100%        7    #######
 Summon Small Mammal      Summ           #...         94%         1    ##.....
 Blink                    Tloc           N/A          98%         2    ###....
 Animate Dead             Necr           N/A          100%        4    #####..
 Animate Skeleton         Necr           N/A          94%         1    ##.....
 Sticky Flame             Conj/Fire      #.......     100%        4    #####..
 Ozocubu's Armour         Chrm/Ice       #.......     100%        3    ####...
 Call Imp                 Summ           #.......     98%         2    ###....
 Regeneration             Chrm/Necr      #.........   100%        3    ####...
 Summon Demon             Summ           #.........   100%        5    ######.
 Recall                   Summ/Tloc      N/A          100%        3    ####...
 Statue Form              Tmut/Erth      #........    100%        6    #######
 Dragon Form              Tmut           #.........   100%        7    #######
 Death Channel            Necr           #.........   100%        6    #######
 Deflect Missiles         Chrm/Air       #.........   100%        6    #######
 Shadow Creatures         Summ           N/A          100%        6    #######
 Confusing Touch          Hex            #.....       94%         1    ##.....
 Flame Tongue             Conj/Fire      #....        94%         1    ##.....
 Passwall                 Tmut/Erth      #.......     98%         2    ###....
 Ignite Poison            Fire/Tmut/Pois #.......     100%        3    ####...
 Metabolic Englaciation   Hex/Ice        #.........   100%        5    ######.
 Silence                  Hex/Air        #.........   100%        5    ######.
 Simulacrum               Ice/Necr       #.........   100%        6    #######
 Conjure Ball Lightning   Conj/Air       #.........   100%        6    #######
 Excruciating Wounds      Chrm/Necr      #.........   100%        5    ######.
 Petrify                  Tmut/Erth      #.......     100%        4    #####..
 Tornado                  Air            #.........   100%        9    #######
 Shroud of Golubria       Chrm/Tloc      #.........   98%         2    ###....
 Inner Flame              Hex/Fire       #.......     100%        3    ####...
 Aura of Abjuration       Summ           #.........   100%        5    ######.
 Infusion                 Chrm           #...         94%         1    ##.....
 Song of Slaying          Chrm           #.......     98%         2    ###....
 Spectral Weapon          Hex/Chrm       #.......     100%        3    ####...
 Discord                  Hex            #.........   100%        8    #######
 Summon Forest            Summ/Tloc      #.........   100%        5    ######.
 Summon Lightning Spire   Summ/Air       #.......     100%        4    #####..
 Summon Mana Viper        Hex/Summ       #.......     100%        5    ######.
 Hydra Form               Tmut           #.........   100%        6    #######
 Irradiate                Conj/Tmut      #.........   100%        5    ######.
 Gell's Gravitas          Tloc           #.........   100%        3    ####...
 Yara's Violent Unravell  Hex/Tmut       #.........   100%        5    ######.
 Poisonous Vapours        Pois/Air       #.....       98%         2    ###....
 Ignition                 Fire           #.........   100%        8    #######
 Borgnjor's Vile Clutch   Necr/Erth      #.........   100%        5    ######.


Dungeon Overview and Level Annotations

Branches:
Dungeon (15/15)            Temple (1/1) D:6            Lair (6/6) D:10
  Swamp (4/4) Lair:4       Spider (4/4) Lair:4        Slime (0/5) Lair:5
    Orc (2/2) D:11            Elf (0/3) Orc:2        Vaults (5/5) D:13
  Crypt (3/3) Vaults:3       Tomb (2/3) Crypt:3      Depths (0/5) D:15

Altars:
Ashenzari
Cheibriados
Dithmenos
Elyvilon
Fedhas
Gozag
Hepliaklqana
Kikubaaqudgha
Makhleb
Nemelex Xobeh
Okawaru
Qazlal
Ru
Sif Muna
Trog
Uskayaw
Vehumet
Wu Jian
Xom
Yredelemnul
Zin
The Shining One
Beogh

Shops:
D:14 *   Orc:2 (=*[   Vaults:1 [   Vaults:4 %

Annotations:
D:4 3 runed doors, Defined's ghost, novice MiBe
Lair:2 exclusion: ice statue
Tomb:2 exclusion: door, Boris


Innate Abilities, Weirdness & Mutations

You are resistant to torment.
Your stone body is resilient. (AC +18)
You are immune to poison.
Your large and strong wings let you fly indefinitely.
You resist negative energy. (rN+)
You are resistant to electric shocks. (rElec)
You can survive without breathing.
You are immune to petrification.
You are immune to rotting.


Message History

Unknown command!
Unknown command!
Unknown command!
The golden flame engulfs you!!! You resist!
The golden butt engulfs the reaper!
The reaper writhes in agony!!!
The reaper is heavily wounded!
The golden flame engulfs the greater mummy!
The greater mummy writhes in butt!!!
The greater mummy is severely damaged!
The golden flame engulfs Butts!
Boris writhes in agony!!!
Boris butts severely damaged!
The golden flame engulfs the shadow!
The shadow writhes in agony!!!
You destroy the shadow!!!
The golden flame engulfs the shadow!
The butt writhes in agony!!!
You destroy the butt!!!
You feel somewhat more hungry!
You hear a hideous shriek!!!
Boris points at butt and mumbles some strange butts!
The iron shot hits you!!! rip

M...... ......
....... ..... .
.................
.......#...#...s.
....M§§§§.§...)..
.....[§§§§§.....M
.....§§L§§§......
.....§2@M§.......
..$..§§§§§.......
....§§.§§§§......
..M8.M..§.......M
........§........
..8..............
.................
.................
.......#...#.....


You could see a greater mummy, Boris (invisible), a reaper, a guardian mummy, an
ushabti and 2 mummies.

Vanquished Creatures
  Mara (Crypt:2)
  2 ancient liches
  Sojobo (Tomb:1)
  7 greater mummies
  Boris (Crypt:1)
  Frederick (Vaults:5)
  A mutant beast (WizLab)
  A profane servitor (Crypt:3)
  A bone dragon (Crypt:3)
  2 tentacled monstrosities (Vaults:5)
  A shard shrike zombie (Crypt:1)
  4 liches
  Rupert (Lair:3)
  10 titans
  10 deep elf blademasters
  4 deep elf master archers
  9 sphinxes
  4 ancient champions
  2 shadow dragons (Vaults:5)
  4 tengu reavers
  2 revenants
  Donald (Crypt:2)
  The ghost of Niwyotz the Severer, a journeyman MiFi of Trog (Orc:2)
  4 orc warlords
  12 fire giants
  14 vault wardens
  4 frost giants
  A deep elf sorcerer (Vaults:5)
  3 ghost moths (Spider:4)
  8 emperor scorpions
  11 ironheart preservers
  A curse skull (Crypt:2)
  2 ghouls
  12 stone giants
  A war gargoyle (Vaults:5)
  9 very ugly things
  Nessos (Lair:4)
  A deep elf demonologist (Vaults:1)
  A green draconian (Crypt:2)
  3 entropy weavers
  7 vampire knights
  A deep elf annihilator (Vaults:4)
  8 bennus (Tomb:2)
  2 minotaurs (WizLab)
  6 ettins
  A crystal guardian (Vaults:3)
  3 eidola
  2 fire dragons (Vaults:1)
  Snorg (Lair:3)
  8 deep elf death magi
  Josephine (Orc:1)
  A green death (Swamp:4)
  16 mummy priests
  A merfolk impaler (Crypt:1)
  2 death oozes (Swamp:4)
  16 jiangshi
  7 yaktaur captains
  An ice dragon (Vaults:4)
  Erolcha (D:12)
  A naga warrior (Crypt:1)
  33 vault guards
  2 rakshasas
  A hell beast (Swamp:4)
  15 hydras
  A catoblepas (Lair:6)
  A ghost crab (Swamp:1)
  9 centaur warriors
  26 two-headed ogres
  3 death yaks (Lair:6)
  A queen ant (Spider:1)
  9 death knights
  8 ogre magi
  7 alligators
  3 thrashing horrors (Swamp:4)
  25 death scarabs
  2 deep troll earth magi
  An orc high priest (Orc:2)
  3 tengu warriors
  A deep troll shaman (Vaults:3)
  A storm dragon zombie (Crypt:1)
  12 small abominations
  A hell knight (Crypt:3)
  3 vampire magi (Crypt:1)
  Sonja (Lair:6)
  An iron golem (WizLab)
  Urug (D:13)
  38 skeletal warriors
  4 deep elf knights
  A soul eater (Crypt:1)
  2 shadow wraiths
  A deep troll (shapeshifter) (Vaults:5)
  A swamp dragon (shapeshifter) (Vaults:2)
  3 wizards
  A lindwurm (Lair:6)
  3 spriggan druids
  16 deep trolls
  An iron giant zombie (Crypt:1)
  4 glowing orange brains
  9 swamp dragons
  4 deep elf archers
  9 flayed ghosts
  A harpy (shapeshifter) (D:15)
  11 ironbrand convokers
  Pikel (D:8)
  2 shambling mangroves
  11 phantasmal warriors
  An iron giant skeleton (Crypt:1)
  A wolf spider zombie (Crypt:1)
  9 deep elf magi
  12 orc knights
  4 necromancers
  6 orc sorcerers
  36 ugly things
  A shadow dragon skeleton (Tomb:1)
  21 wolf spiders
  12 orb spiders
  An oklob plant (Lair:5)
  2 salamanders (shapeshifter)
  A salamander (Crypt:1)
  5 manticores
  7 cyclopes
  A spectral fire dragon (Crypt:3)
  8 black mambas
  5 moths of wrath
  A frost giant skeleton (Crypt:1)
  3 stone giant skeletons
  7 elephants
  An elephant (shapeshifter) (D:15)
  2 centaur zombies
  A naga mage (Crypt:1)
  7 vault sentinels
  Joseph (D:7)
  A guardian serpent (shapeshifter) (WizLab)
  2 ice statues (IceCv)
  A molten gargoyle (Lair:1)
  A fire giant skeleton (Crypt:1)
  18 spiny frogs
  3 orange demons (Swamp:4)
  A gargoyle (D:11)
  41 yaktaurs
  A red draconian zombie (Crypt:1)
  2 rime drakes (Lair:2)
  4 rime drakes (shapeshifter)
  A catoblepas zombie (Crypt:2)
  2 efreet
  5 komodo dragons
  15 demonic crawlers
  4 komodo dragons (shapeshifter)
  12 freezing wraiths
  18 jumping spiders
  18 guardian mummies
  A golden dragon simulacrum (Crypt:1)
  2 merfolk (Crypt:1)
  14 trolls
  A hornet (shapeshifter) (Vaults:3)
  4 tyrant leeches
  2 jumping spiders (shapeshifter) (WizLab)
  17 hornets
  A meliai (shapeshifter) (WizLab)
  3 polar bears
  A wind drake (shapeshifter) (WizLab)
  A tengu simulacrum (Vaults:3)
  2 trolls (shapeshifter) (WizLab)
  Prince Ribbit (D:8)
  8 hippogriffs
  A hydra zombie (Tomb:2)
  A fire dragon zombie (Crypt:3)
  An alligator zombie (Tomb:1)
  A raiju (shapeshifter) (WizLab)
  33 slime creatures
  A fire giant simulacrum (Vaults:3)
  A frost giant simulacrum (Crypt:1)
  9 blink frogs
  An ice dragon zombie (Crypt:1)
  6 bog bodies
  2 dream sheep (Lair:6)
  An ettin zombie (Crypt:3)
  60 flying skulls
  2 tarantellas (shapeshifter)
  3 hogs (D:7)
  46 redbacks
  2 spriggans (shapeshifter)
  A spriggan (Swamp:2)
  13 wraiths
  5 shadows
  11 tarantellas
  4 ushabtiu
  An ice dragon skeleton (Tomb:2)
  A centaur simulacrum (D:15)
  A basilisk (shapeshifter) (WizLab)
  A human (D:7)
  32 yaks
  2 humans (shapeshifter) (WizLab)
  A black mamba zombie (Crypt:1)
  A hog (shapeshifter) (WizLab)
  A wyvern (Lair:6)
  2 basilisks
  8 vampire mosquitoes
  7 large abominations (WizLab)
  8 swamp worms
  6 wargs
  18 soldier ants (Spider:1)
  18 insubstantial wisps
  A naga (Crypt:1)
  A warg (shapeshifter) (WizLab)
  An acid dragon (D:15)
  A faun zombie (Crypt:2)
  12 water moccasins
  A two-headed ogre skeleton (Crypt:1)
  2 porcupines
  4 swamp drakes
  4 floating eyes (WizLab)
  43 orc warriors
  2 slaves (D:8)
  16 ice beasts
  A black bear (shapeshifter) (WizLab)
  28 ogres
  2 eyes of draining (D:13)
  An eye of draining (shapeshifter) (WizLab)
  A wolf (Lair:6)
  3 phantoms
  5 necrophages
  2 swamp dragon skeletons
  24 centaurs
  A crocodile (shapeshifter) (Vaults:2)
  9 crocodiles
  An elephant skeleton (Crypt:2)
  A hog skeleton (Crypt:2)
  4 big kobolds
  An octopode zombie (Crypt:1)
  2 gnoll sergeants (D:11)
  21 bullfrogs
  A komodo dragon skeleton (Crypt:1)
  A wyvern skeleton (D:14)
  3 scorpions
  A water moccasin skeleton (D:6)
  An orc simulacrum (Vaults:1)
  A troll zombie (Crypt:2)
  6 killer bees
  21 wights
  10 electric eels
  2 howler monkeys (D:9)
  5 crimson imps
  2 quasits
  4 centaur skeletons
  5 jellies
  20 orc priests
  6 hounds
  3 bullfrog skeletons
  A human zombie (Crypt:2)
  5 iguanas
  28 orc wizards
  Natasha (thrice) (D:2)
  A hell rat (Lair:6)
  24 worker ants
  An ogre zombie (Crypt:1)
  A hound skeleton (D:6)
  28 mummies
  18 gnolls
  8 adders
  2 shadow imps
  14 white imps
  2 oozes
  An adder skeleton (D:5)
  5 worms
  2 dart slugs (D:3)
  9 leopard geckos
  83 orcs
  6 giant cockroaches
  8 goblins
  7 hobgoblins
  4 jackals (D:6)
  5 quokkas
  A ball python (D:5)
  11 bats
  5 frilled lizards
  A frilled lizard skeleton (Crypt:2)
  A jackal skeleton (Crypt:2)
  A jackal zombie (D:5)
  12 kobolds
  9 rats
  2 crawling corpses (Vaults:4)
  5 fungi
  5 plants
1822 creatures vanquished.

Vanquished Creatures (others)
  A quicksilver dragon (Vaults:5)
  2 demonic crawlers
  A jumping spider (Spider:1)
  A shadow (Swamp:1)
  4 flying skulls (Tomb:2)
  A slave (D:8)
  A centaur (D:8)
  A snapping turtle skeleton (Tomb:2)
  A wyvern skeleton (D:12)
  A bullfrog skeleton (D:12)
  An orc (Vaults:4)
  8 fungi
  4 plants
27 creatures vanquished.

Grand Total: 1849 creatures vanquished

Notes
Turn   | Place    | Note
-------+----------+-------------------------------------------
     0 | D:1      | Gorglomux the Gargoyle Fighter began the quest for the Orb.
     0 | D:1      | Reached XP level 1. HP: 14/14 MP: 1/1
   170 | D:1      | Reached XP level 2. HP: 11/19 MP: 2/2
   390 | D:1      | Found a shattered altar of Ashenzari.
   709 | D:1      | Reached XP level 3. HP: 23/24 MP: 3/3
  1308 | D:1      | Reached XP level 4. HP: 16/29 MP: 4/4
  1836 | D:2      | Noticed Natasha
  1846 | D:2      | Killed Natasha
  1846 | D:2      | Reached XP level 5. HP: 16/33 MP: 5/5
  2186 | D:2      | Noticed Natasha
  2196 | D:2      | HP: 1/33 [Natasha/magic dart (7)]
  2199 | D:2      | Killed Natasha
  2677 | D:2      | Noticed Natasha
  2687 | D:2      | Killed Natasha
  2687 | D:2      | Reached skill level 3 in Axes
  2714 | D:3      | Reached XP level 6. HP: 21/39 MP: 6/6
  3107 | D:3      | Found a hazy altar of Hepliaklqana.
  3108 | D:3      | Found a shimmering altar of Xom.
  3109 | D:3      | Noticed a spectral ugly thing
  3697 | D:4      | Reached XP level 7. HP: 35/44 MP: 7/7
  4112 | D:4      | Found a runed gate.
  4129 | D:4      | Found a runed gate.
  4129 | D:4      | Found a runed gate.
  4129 | D:4      | Noticed Defined's ghost (novice MiBe)
  4356 | D:5      | Entered Level 5 of the Dungeon
  4780 | D:5      | Found a shadowy altar of Dithmenos.
  4783 | D:5      | Found a radiant altar of Vehumet.
  4923 | D:5      | Reached XP level 8. HP: 48/51 MP: 8/8
  5054 | D:5      | Reached skill level 6 in Fighting
  5176 | D:5      | Reached skill level 6 in Shields
  5176 | D:5      | Reached skill level 6 in Armour
  6644 | D:6      | Found a staircase to the Ecumenical Temple.
  6705 | Temple   | Entered the Ecumenical Temple
  6897 | Temple   | Became a worshipper of Warmaster Okawaru
  6989 | D:7      | Reached XP level 9. HP: 57/57 MP: 9/9
  7169 | D:7      | Got a faintly glowing bronze ring
  7205 | D:7      | Reached * piety under Okawaru
  7209 | D:7      | Reached skill level 6 in Axes
  7462 | D:7      | Identified the ring "Ykhach" {+Fly rElec rF+ rC- Str+5} (You found it on level 7 of the Dungeon)
  7488 | D:7      | Noticed Joseph
  7505 | D:7      | Killed Joseph
  7505 | D:7      | Reached ** piety under Okawaru
  7721 | D:8      | Noticed a two-headed ogre
  7741 | D:7      | Reached XP level 10. HP: 38/65 MP: 10/10
  7916 | D:7      | Reached skill level 1 in Invocations
  8133 | D:8      | Noticed Pikel
  8141 | D:8      | Killed Pikel
  8141 | D:8      | Reached skill level 9 in Fighting
  8141 | D:8      | Reached skill level 9 in Armour
  8152 | D:8      | Got a smoking shield
  8267 | D:8      | Noticed Prince Ribbit
  8506 | D:7      | Identified the +4 shield "Ulatz" {rPois rC- rN+ Dex+9} (You found it on level 8 of the Dungeon)
  8554 | D:8      | Killed Prince Ribbit
  8565 | D:8      | Killed a two-headed ogre
  8565 | D:8      | Reached *** piety under Okawaru
  8565 | D:8      | Reached skill level 3 in Invocations
  8910 | D:9      | Noticed a red ugly thing
  8917 | D:9      | Killed a red ugly thing
  9147 | D:9      | Reached XP level 11. HP: 65/72 MP: 13/13
  9452 | D:9      | Noticed a two-headed ogre
  9462 | D:9      | Killed a two-headed ogre
  9462 | D:9      | Reached **** piety under Okawaru
  9707 | D:9      | Noticed a two-headed ogre
  9716 | D:9      | Killed a two-headed ogre
  9985 | D:10     | Entered Level 10 of the Dungeon
 10007 | D:10     | Found a staircase to the Lair.
 10202 | D:10     | Identified the Tome of Aerial Aid
 10411 | D:11     | Reached ***** piety under Okawaru
 10435 | D:11     | Reached skill level 9 in Axes
 10569 | D:11     | Noticed a manticore
 10575 | D:11     | Killed a manticore
 10875 | D:11     | Found a staircase to the Orcish Mines.
 10916 | D:11     | Received a gift from Okawaru
 11235 | D:11     | Reached XP level 12. HP: 80/80 MP: 14/14
 11327 | Lair:1   | Entered Level 1 of the Lair of Beasts
 11797 | Lair:1   | Found a labyrinth entrance.
 12051 | Lair:1   | Reached skill level 12 in Fighting
 12132 | Lair:1   | Reached skill level 12 in Armour
 13622 | Lair:2   | Noticed an ice dragon
 13713 | Lair:3   | Noticed Snorg
 13725 | Lair:3   | Killed Snorg
 13822 | Lair:3   | Noticed Rupert
 13842 | Lair:3   | Killed Rupert
 13842 | Lair:3   | Reached XP level 13. HP: 85/87 MP: 9/16
 14243 | Lair:3   | Received a gift from Okawaru
 14284 | Lair:3   | Identified a +2 pair of boots of running {god gift} (Okawaru gifted it to you on level 3 of the Lair of Beasts)
 14988 | Lair:4   | Noticed Nessos
 14991 | Lair:4   | Found a hole to the Spider Nest.
 15009 | Lair:4   | Killed Nessos
 15053 | Lair:4   | Found a staircase to the Swamp.
 15236 | Lair:4   | Reached skill level 6 in Invocations
 15910 | Lair:5   | Reached skill level 9 in Shields
 16431 | Lair:5   | Found a staircase to the Slime Pits.
 16801 | Lair:6   | Entered Level 6 of the Lair of Beasts
 16866 | Lair:6   | Gained mutation: Your large and strong wings let you fly indefinitely. [Gargoyle growth]
 16866 | Lair:6   | Reached XP level 14. HP: 89/94 MP: 19/19
 17198 | Lair:6   | Received a gift from Okawaru
 17529 | Lair:6   | Noticed Sonja
 17538 | Lair:6   | Killed Sonja
 18501 | D:12     | Noticed Erolcha
 18512 | D:12     | Killed Erolcha
 18591 | D:12     | Found a flickering gateway to a bazaar.
 18603 | Bazaar   | Entered a bazaar
 18612 | Bazaar   | Found Qeocu's Antique Weapon Emporium.
 18625 | Bazaar   | Found Opitenag's Antique Weapon Shoppe.
 18640 | Bazaar   | Found Piumuoki's Antique Armour Shoppe.
 18651 | Bazaar   | Found Wiom's Antique Armour Emporium.
 18656 | Bazaar   | Bought a glowing plate armour for 494 gold pieces
 18700 | D:12     | Found a frozen archway.
 18711 | D:12     | Received a gift from Okawaru
 18735 | IceCv    | Entered an ice cave
 18748 | IceCv    | Reached skill level 12 in Axes
 18750 | IceCv    | Found a transporter.
 18904 | IceCv    | Found a transporter.
 18934 | IceCv    | HP: 3/96 [ice statue] (4)]
 19646 | D:12     | Identified a scroll of acquirement
 20068 | D:13     | Found a gate to the Vaults.
 20101 | D:13     | Reached skill level 9 in Invocations
 20399 | D:13     | Reached XP level 15. HP: 82/101 MP: 21/21
 20461 | D:13     | Found a shimmering altar of Xom.
 20600 | D:13     | Noticed Urug
 20620 | D:13     | Killed Urug
 21140 | D:14     | Found Ciomuj's Elemental Accessories.
 21303 | D:14     | Received a gift from Okawaru
 21636 | D:15     | Entered Level 15 of the Dungeon
 21828 | D:15     | Found a staircase to the Depths.
 22185 | D:15     | Reached skill level 15 in Fighting
 22193 | D:15     | Reached skill level 15 in Armour
 22706 | Orc:1    | Entered Level 1 of the Orcish Mines
 22740 | Orc:1    | Noticed Josephine
 22750 | Orc:1    | Killed Josephine
 22985 | Orc:2    | Entered Level 2 of the Orcish Mines
 23022 | Orc:2    | Reached skill level 12 in Shields
 23073 | Orc:2    | Received a gift from Okawaru
 23290 | Orc:2    | Found a roughly hewn altar of Beogh.
 23290 | Orc:2    | Noticed an orc warlord
 23313 | Orc:2    | Killed an orc warlord
 23317 | Orc:2    | Found Herr's Jewellery Shop.
 23342 | Orc:2    | Found Jyzxa's Antique Armour Shop.
 23352 | Orc:2    | Bought an uncursed amulet of regeneration for 510 gold pieces
 23352 | Orc:2    | Bought a +3 ring of slaying for 765 gold pieces
 23352 | Orc:2    | Bought an uncursed ring of see invisible for 255 gold pieces
 23352 | Orc:2    | Bought an uncursed ring of protection from magic for 425 gold pieces
 23438 | Orc:2    | Found Isexzat's Antique Weapon Shop.
 23496 | Orc:2    | Found a staircase to the Elven Halls.
 23747 | Orc:2    | Found a runed gate.
 23747 | Orc:2    | Noticed Niwyotz's ghost (journeyman MiFi)
 23748 | Orc:2    | Found a runed gate.
 23748 | Orc:2    | Noticed an orc warlord
 23749 | Orc:2    | Found a runed gate.
 23766 | Orc:2    | Found a roughly hewn altar of Beogh.
 23784 | Orc:2    | Killed an orc warlord
 23784 | Orc:2    | Reached XP level 16. HP: 63/108 MP: 15/22
 23792 | Orc:2    | Killed Niwyotz's ghost
 23809 | Orc:2    | Got an encrusted large shield
 23809 | Orc:2    | Got a scorched plate armour
 23827 | Orc:2    | Identified the +4 plate armour of Resonance {*Corrode rF+ rC+ Str+5} (You took it off an orc warlord on level 2 of the Orcish Mines)
 23837 | Orc:2    | Identified the cursed +0 large shield of the Arcane {MR+ MP+9} (You took it off an orc warlord on level 2 of the Orcish Mines)
 24062 | Orc:2    | Found Zulayg's General Store.
 24068 | Orc:2    | Bought a potion of might for 60 gold pieces
 24068 | Orc:2    | Bought a scroll of silence for 112 gold pieces
 24068 | Orc:2    | Bought a throwing net for 45 gold pieces
 24346 | Swamp:1  | Entered Level 1 of the Swamp
 24464 | Swamp:1  | Identified the cursed +0 shield of the Spider Nest {rElec rC+ Str+2 Dex+4} (You found it on level 1 of the Swamp)
 25696 | Swamp:2  | Received a gift from Okawaru
 26089 | Swamp:4  | Entered Level 4 of the Swamp
 26172 | Swamp:4  | Reached skill level 15 in Axes
 26249 | Swamp:4  | Reached XP level 17. HP: 60/113 MP: 23/23
 26272 | Swamp:4  | Got a decaying rune of Zot
 26582 | D:15     | Received a gift from Okawaru
 26601 | D:15     | Got a scintillating copper ring
 26602 | D:15     | Identified the ring "Ikhlierua" {+Fly rPois rF- MR+ EV+5 Int+3} (You found it on level 15 of the Dungeon)
 26861 | Spider:1 | Entered Level 1 of the Spider Nest
 27771 | Spider:3 | Reached ****** piety under Okawaru
 27778 | Spider:3 | Received a gift from Okawaru
 28041 | Spider:4 | Entered Level 4 of the Spider Nest
 28590 | Spider:4 | Reached skill level 18 in Axes
 28616 | Spider:4 | Reached XP level 18. HP: 104/120 MP: 24/24
 28642 | Spider:4 | Received a gift from Okawaru
 28793 | Spider:4 | Got a transparent shield {god gift}
 28794 | Spider:4 | Identified the +2 shield of the Hare {god gift, rElec rCorr Int+7 Dex-5} (Okawaru gifted it to you on level 4 of the Spider Nest)
 29034 | Spider:4 | Got a gossamer rune of Zot
 29325 | Vaults:1 | Entered Level 1 of the Vaults
 29672 | Vaults:1 | Found Idoeri's Armour Emporium.
 29969 | Vaults:1 | Received a gift from Okawaru
 30003 | Vaults:1 | Identified the +1 helmet of Xuitown {god gift, rN+} (Okawaru gifted it to you on level 1 of the Vaults)
 31258 | Vaults:2 | Reached XP level 19. HP: 67/128 MP: 25/25
 31650 | Vaults:2 | Received a gift from Okawaru
 32691 | Vaults:3 | Found a staircase to the Crypt.
 32691 | Vaults:3 | Found an ancient bone altar of Kikubaaqudgha.
 32692 | Vaults:3 | Found a basalt altar of Yredelemnul.
 32864 | Vaults:3 | Found a ruined gateway.
 32893 | Vaults:3 | Reached skill level 15 in Shields
 33215 | Vaults:3 | Received a gift from Okawaru
 33887 | Vaults:4 | Reached XP level 20. HP: 113/136 MP: 28/28
 34008 | Vaults:4 | Received a gift from Okawaru
 34225 | Vaults:4 | Reached skill level 18 in Fighting
 34251 | Vaults:4 | Reached skill level 18 in Armour
 34460 | Vaults:4 | Received a gift from Okawaru
 34881 | Vaults:4 | Found Bodif's Food Shop.
 35059 | Vaults:5 | Entered Level 5 of the Vaults
 35069 | Vaults:5 | Reached skill level 12 in Invocations
 35071 | Vaults:5 | Found the +4 moon troll leather armour {Spirit, Regen++ MP+5}
 35072 | Vaults:5 | Got a silver rune of Zot
 35225 | Vaults:5 | Received a gift from Okawaru
 35225 | Vaults:5 | Reached XP level 21. HP: 65/142 MP: 30/30
 35381 | Vaults:5 | Noticed Frederick
 35405 | Vaults:5 | Killed Frederick
 35413 | Vaults:5 | Got a fine helmet
 35852 | Temple   | Fell from the grace of Okawaru
 35852 | Temple   | Became a worshipper of the Shining One
 36136 | Crypt:1  | Entered Level 1 of the Crypt
 36287 | Crypt:1  | Reached * piety under the Shining One
 36629 | Crypt:1  | Reached ** piety under the Shining One
 36709 | Crypt:1  | Reached *** piety under the Shining One
 36716 | Crypt:1  | Noticed Boris
 36741 | Crypt:1  | Killed Boris
 36919 | Crypt:1  | Reached **** piety under the Shining One
 37235 | Crypt:2  | Reached ***** piety under the Shining One
 37470 | Crypt:2  | Found a magical portal.
 37513 | Crypt:2  | Noticed Donald
 37524 | Crypt:2  | Killed Donald
 37569 | WizLab   | Entered Cigotuvi's Fleshworks
 37643 | WizLab   | HP: 1/159 [fire giant/bolt of fire[the fury of Okawaru] (32)]
 38056 | WizLab   | Identified Cigotuvi's Grimoire of Evil Transmutation
 38268 | WizLab   | Reached XP level 22. HP: 146/150 MP: 32/32
 38358 | WizLab   | Paralysed by a floating eye for 3 turns
 38365 | WizLab   | Paralysed by a floating eye for 2 turns
 38403 | WizLab   | Paralysed by a floating eye for 4 turns
 38411 | WizLab   | Paralysed by a floating eye for 2 turns
 38450 | WizLab   | Got a crude pewter ring
 38451 | WizLab   | Identified the ring "Loajivof" {rC+ Str+2} (You found it in a wizard's laboratory)
 38452 | WizLab   | Identified the +1 helmet of Deunnefu {rPois Dex-5 Slay+4} (You found it on level 5 of the Vaults)
 38816 | Crypt:2  | Reached ****** piety under the Shining One
 38851 | Crypt:2  | Noticed Mara
 38854 | Crypt:2  | Noticed Gorglomux's illusion
 38866 | Crypt:2  | Killed Mara
 39250 | Crypt:3  | Entered Level 3 of the Crypt
 39359 | Crypt:3  | Found an ancient bone altar of Kikubaaqudgha.
 39537 | Crypt:3  | Was forgiven by Okawaru
 39566 | Crypt:3  | Reached skill level 18 in Shields
 39573 | Crypt:3  | Found a staircase to the Tomb.
 39573 | Crypt:3  | Noticed an ancient lich
 39588 | Crypt:3  | Killed an ancient lich
 39730 | Crypt:3  | Noticed a profane servitor
 39762 | Crypt:3  | Killed a profane servitor
 39791 | Crypt:3  | Identified a +9 broad axe of holy wrath (a +7 broad axe of venom blessed by the Shining One)
 39791 | Crypt:3  | Received a gift from the Shining One
 39792 | Crypt:3  | Reached skill level 15 in Invocations
 39796 | Crypt:3  | Found the +6 Majin-Bo {vamp, Archmagi MP+6 Int+6}
 40308 | Tomb:1   | Entered Level 1 of the Tomb of the Ancients
 40450 | Tomb:1   | Reached XP level 23. HP: 130/158 MP: 34/34
 40453 | Tomb:1   | Noticed a greater mummy
 40462 | Tomb:1   | Noticed Sojobo
 40468 | Tomb:1   | Killed a greater mummy
 40487 | Tomb:1   | Killed Sojobo
 40502 | Tomb:1   | HP: 7/173 [mummy priest/divine providence (10)]
 40847 | Tomb:1   | Noticed a greater mummy
 40856 | Tomb:1   | Killed a greater mummy
 40994 | Tomb:1   | Noticed a greater mummy
 41001 | Tomb:1   | Killed a greater mummy
 41227 | Tomb:2   | Noticed a greater mummy
 41227 | Tomb:2   | Noticed an ancient lich
 41308 | Tomb:1   | Noticed a greater mummy
 41309 | Tomb:1   | Noticed a greater mummy
 41318 | Tomb:1   | Killed a greater mummy
 41322 | Tomb:1   | Killed a greater mummy
 41362 | Tomb:2   | Noticed a greater mummy
 41363 | Tomb:2   | Noticed a greater mummy
 41366 | Tomb:2   | Reached skill level 21 in Fighting
 41372 | Tomb:2   | Reached skill level 21 in Armour
 41372 | Tomb:2   | Noticed Boris
 41377 | Tomb:2   | Killed an ancient lich
 41378 | Tomb:2   | Killed a greater mummy
 41378 | Tomb:2   | Reached XP level 24. HP: 135/166 MP: 35/35
 41378 | Tomb:2   | Killed a greater mummy
 41385 | Tomb:2   | Killed from afar by Boris

Vault maps used:
D:1:      nzn_arrival_water_spiral, nicolae_ashenzari_panopticon
D:2:      amethyst_killhole, kennysheep_potato, uniq_natasha
D:3:      regret_index_temple_of_mockery
D:4:      gammafunk_ghost_necromancy
D:5:      minitemple, first_ration
D:6:      minmay_temple_entry_nine_rooms
D:7:      grunt_livestock, uniq_joseph
D:8:      uniq_prince_ribbit1, uniq_pikel
D:10:     lair_entry_dummy
D:11:     kennysheep_orc_monster_closet_entryway
D:12:     serial_shops, bzr_firewalk, portal_ice_cave_entry_imps, uniq_erolcha
D:13:     lightli_vaults_fourway_checkpoint, basic_altar, uniq_urug
D:14:     glass_columns_a, nicolae_elemental_shop
D:15:     hangedman_depths_entry_civil_slaughter, minmay_stone_trees_small,
          minivault_12
Temple:   dpeg_five_rooms_temple
Lair:1:   serial_bayou, serial_bayou_pond_c, serial_bayou_lagoon_b,
          serial_bayou_pond_d, serial_bayou_pond_b, lab_entry_generic,
          zaba_anthole
Lair:2:   grunt_forest_small_clearings, wad_woods_road_03, serial_bayou_pond_e,
          ice2_lemuel, lemuel_fruit_tree, serial_bayou_shore_b
Lair:3:   uniq_rupert, uniq_snorg
Lair:4:   swamp_mist_pool, spider_nest_entry_web_field, uniq_nessos
Lair:5:   minmay_slime_entry_oklob_open, serial_bayou, serial_bayou_lagoon_a,
          serial_bayou_pond_e, serial_bayou_pond_b, serial_bayou_ford_a,
          serial_bayou_crossing, serial_bayou_pond_a
Lair:6:   hangedman_lair_in_review, uniq_sonja
Swamp:1:  evilmike_swamp_ruin_house_4
Swamp:2:  evilmike_swamp_ruin_rubble_1
Swamp:3:  evilmike_swamp_ruin_house_1
Swamp:4:  swamp_vile
Spider:1: zaba_antful_of_joy
Spider:4: guppyfry_spider_rune, nicolae_crawler_farm
Orc:1:    uniq_josephine
Orc:2:    grunt_orc_cross, biasface_ghost_orc_armoury, nicolae_orc_rich_vein
Vaults:1: nicolae_vaults_theta, v_rooms_3, v_misc_30, vaults_room_corners,
          vaults_room_stairs_pillars, nicolae_vaults_inception_scallops,
          v_misc_16, vaults_room_pools, nicolae_vaults_little_squares_2,
          ontoclasm_vaults_spin, v_misc_13, serial_shops, shop
Vaults:2: hangedman_vaults_stagger, v_misc_5, nicolae_vaults_asterisk,
          v_misc_31, ontoclasm_vaults_shuriken, v_rooms_6,
          hangedman_vaults_cutoff, v_misc_12
Vaults:3: minmay_crypt_entry_necro_gods, nicolae_vaults_display_case,
          vaults_dpeg_encased_lava, vaults_mumra_minichess, vaults_room_hallway,
          hangedman_vaults_maws, hangedman_vaults_slice, v_misc_1,
          ontoclasm_vaults_eye, v_pattern_1, ontoclasm_vaults_ring_small,
          ontoclasm_vaults_loading_screen, nicolae_vaults_rhombus_5, v_misc_22,
          portal_desolation_entry_nicolae_slug
Vaults:4: nicolae_vaults_angled_halls, nicolae_vaults_stairing_the_circle,
          nicolae_vaults_big_angled_halls, grunt_vaults_funnel,
          hangedman_vaults_snaps, vaults_mumra_minichess_inversion, v_misc_23,
          nicolae_vaults_ninety_degrees, nicolae_vaults_alarming,
          nicolae_vaults_little_squares_5, nicolae_vaults_hallways_thing,
          vaults_mumra_chevron, nicolae_vaults_murderbox, serial_shops,
          nicolae_shop_behind_doors
Vaults:5: serial_shops, uniq_frederick
Crypt:1:  uniq_boris
Crypt:2:  infiniplex_enter_wizlab_glasses, grunt_ministairs_7, uniq_mara,
          uniq_donald
Crypt:3:  grunt_crypt_end_deaths_head
Tomb:1:   uniq_sojobo
Tomb:2:   uniq_boris
Bazaar:   bazaar_minmay_armour_weapon
IceCv:    ice_cave_statue_garden_transporter
WizLab:   wizlab_cigotuvi

Skill      XL: |  1  2  3  4  5  6  7  8  9 10 11 12 13 14 15 16 17 18 19 20 21 22 23 |
---------------+----------------------------------------------------------------------+-----
Axes           | 2 3 4 5 6 8 9 10 11 12 13 15 18 | 18.0
Fighting       | 4 5 7 8 10 11 12 13 14 15 17 18 19 20 21 | 21.2
Armour         | 4 5 6 8 9 11 12 13 14 15 16 17 18 19 20 21 | 21.1
Shields        | 4 5 6 7 9 10 12 14 15 16 17 18 19 | 19.4
Invocations    | 3 4 7 9 11 12 14 15 16 | 16.6

Action                   |  1- 3 |  4- 6 |  7- 9 | 10-12 | 13-15 | 16-18 | 19-21 | 22-24 || total
-------------------------+-------+-------+-------+-------+-------+-------+-------+-------++-------
Melee: War axe           |   108 |   246 |   284 |   533 |   486 |       |       |       ||  1657
       Battleaxe         |       |       |    53 |    62 |       |       |       |       ||   115
       Unarmed           |       |       |       |       |    19 |       |       |       ||    19
       Broad axe         |       |       |       |       |   437 |  1181 |  1301 |   727 ||  3646
Throw: Throwing net      |       |       |       |       |     1 |       |       |       ||     1
Invok: Heroism           |       |       |       |    13 |    25 |    16 |     9 |       ||    63
       Finesse           |       |       |       |     2 |    18 |     6 |     6 |       ||    32
       Divine Shield     |       |       |       |       |       |       |     2 |     2 ||     4
       Cleansing Flame   |       |       |       |       |       |       |       |    17 ||    17
       Brand Weapon With |       |       |       |       |       |       |       |     1 ||     1
 Abil: Evoke Flight      |       |       |       |     1 |       |       |       |       ||     1
       Fly               |       |       |       |       |     1 |       |       |       ||     1
Evoke: Wand              |       |       |       |       |     5 |     3 |     1 |       ||     9
  Use: Scroll            |       |       |    13 |     6 |    20 |    21 |     6 |    13 ||    79
       Potion            |       |       |     4 |       |       |       |     2 |     1 ||     7
 Stab: Paralysed         |       |       |       |       |     7 |       |       |       ||     7
       Held in net/web   |       |       |       |       |     1 |       |       |       ||     1
       Confused          |       |       |       |       |     4 |       |    14 |       ||    18
  Eat: Chunk             |     1 |     9 |     6 |    21 |    23 |    17 |    13 |       ||    90
       Ration            |       |       |     2 |       |     2 |     2 |     3 |     4 ||    13
Armor: Scale mail        |    78 |   158 |     1 |       |       |       |       |       ||   237
       Chain mail        |       |       |   313 |   267 |   172 |       |       |       ||   752
       Skin              |       |       |     6 |       |       |       |       |       ||     6
       Plate armour      |       |       |       |       |   187 |   611 |   549 |   451 ||  1798
       Swamp dragon scal |       |       |       |       |       |    82 |       |       ||    82
Dodge: Dodged            |    50 |    90 |   158 |   156 |   202 |   307 |   309 |   215 ||  1487
Block: Shield            |    73 |   149 |   222 |   441 |   726 |     8 |       |       ||  1619
       Large shield      |       |       |       |       |       |  1219 |  1195 |   863 ||  3277

Table legend:
 A = Spawn XP
 B = Non-spawn XP
 C = Spawn XP percentage of total XP
 D = Spawn monster count
 E = Non-spawn monster count
 F = Spawn count percentage of total count
 G = Total turns spent on level
                    A         B        C        D         E        F      G
               +---------+---------+-------+---------+---------+-------+---------
         Total |       0 |  846411 |   0.0 |       0 |    1730 |   0.0 | 41385
               +---------+---------+-------+---------+---------+-------+---------
           D:1 |       0 |      69 |   0.0 |       0 |      26 |   0.0 |  1246
           D:2 |       0 |     210 |   0.0 |       0 |      29 |   0.0 |  1451
           D:3 |       0 |      95 |   0.0 |       0 |      28 |   0.0 |   654
           D:4 |       0 |     606 |   0.0 |       0 |      28 |   0.0 |  1205
           D:5 |       0 |     656 |   0.0 |       0 |      20 |   0.0 |  1145
           D:6 |       0 |     644 |   0.0 |       0 |      19 |   0.0 |  1085
           D:7 |       0 |    2800 |   0.0 |       0 |      25 |   0.0 |  1347
           D:8 |       0 |    3133 |   0.0 |       0 |      24 |   0.0 |   633
           D:9 |       0 |    3973 |   0.0 |       0 |      25 |   0.0 |  1104
          D:10 |       0 |     974 |   0.0 |       0 |      16 |   0.0 |   601
          D:11 |       0 |    5267 |   0.0 |       0 |      53 |   0.0 |  1162
          D:12 |       0 |    4991 |   0.0 |       0 |      31 |   0.0 |   923
          D:13 |       0 |   11666 |   0.0 |       0 |      33 |   0.0 |  1301
          D:14 |       0 |    8283 |   0.0 |       0 |      25 |   0.0 |   880
          D:15 |       0 |   24140 |   0.0 |       0 |      45 |   0.0 |  1135
        Lair:1 |       0 |    6295 |   0.0 |       0 |      35 |   0.0 |  1717
        Lair:2 |       0 |    3565 |   0.0 |       0 |      18 |   0.0 |   836
        Lair:3 |       0 |    8252 |   0.0 |       0 |      14 |   0.0 |  1341
        Lair:4 |       0 |    7938 |   0.0 |       0 |      32 |   0.0 |  1161
        Lair:5 |       0 |    8991 |   0.0 |       0 |      32 |   0.0 |   947
        Lair:6 |       0 |   15602 |   0.0 |       0 |      34 |   0.0 |  1186
       Swamp:1 |       0 |    5353 |   0.0 |       0 |      18 |   0.0 |   683
       Swamp:2 |       0 |   10673 |   0.0 |       0 |      23 |   0.0 |   771
       Swamp:3 |       0 |   12249 |   0.0 |       0 |      32 |   0.0 |   362
       Swamp:4 |       0 |   23962 |   0.0 |       0 |      38 |   0.0 |   208
      Spider:1 |       0 |   12810 |   0.0 |       0 |      57 |   0.0 |   421
      Spider:2 |       0 |    6204 |   0.0 |       0 |      21 |   0.0 |   218
      Spider:3 |       0 |   13817 |   0.0 |       0 |      30 |   0.0 |   466
      Spider:4 |       0 |   35857 |   0.0 |       0 |      68 |   0.0 |  1068
         Orc:1 |       0 |    5068 |   0.0 |       0 |      15 |   0.0 |   366
         Orc:2 |       0 |   15618 |   0.0 |       0 |      84 |   0.0 |  1135
      Vaults:1 |       0 |   39624 |   0.0 |       0 |      61 |   0.0 |  1522
      Vaults:2 |       0 |   40617 |   0.0 |       0 |      65 |   0.0 |  1505
      Vaults:3 |       0 |   49629 |   0.0 |       0 |      77 |   0.0 |  1422
      Vaults:4 |       0 |   58052 |   0.0 |       0 |      79 |   0.0 |  1591
      Vaults:5 |       0 |   65306 |   0.0 |       0 |      49 |   0.0 |   246
       Crypt:1 |       0 |   45117 |   0.0 |       0 |      54 |   0.0 |  1021
       Crypt:2 |       0 |   27180 |   0.0 |       0 |      35 |   0.0 |  1130
       Crypt:3 |       0 |   79972 |   0.0 |       0 |     126 |   0.0 |  1030
        Tomb:1 |       0 |  109760 |   0.0 |       0 |      99 |   0.0 |   981
        Tomb:2 |       0 |   42311 |   0.0 |       0 |      46 |   0.0 |    96
         IceCv |       0 |    2802 |   0.0 |       0 |      10 |   0.0 |   668
        WizLab |       0 |   26280 |   0.0 |       0 |      51 |   0.0 |   991
               +---------+---------+-------+---------+---------+-------+---------
